 Dungeon Crawl Stone Soup version 0.29-a0-892-g2c4c91d9db (webtiles) character file.

Game seed: 174340575509890784

2453 Ijustatesigmund the Digger (level 9, -6/55 HPs)
             Began as an Octopode Earth Elementalist on July 22, 2022.
             Was an Initiate of Cheibriados.
             Mangled by a gnoll
             ... wielding a +0 whip
             ... led by a gnoll bouda
              (7 damage)
             ... on level 7 of the Dungeon.
             The game lasted 00:20:10 (9156 turns).

Ijustatesigmund the Digger (OpEE)                   Turns: 9156, Time: 00:20:10

Health: -6/55      AC:  2    Str:  9    XL:     9   Next: 50%
Magic:  13/15      EV: 13    Int: 22    God:    Cheibriados [......]
Gold:   1428       SH:  0    Dex: 13    Spells: 8/17 levels left

rFire   . . .      SeeInvis .   d - +1 demon trident (flame)
rCold   . . .      Faith    .   (no shield)
rNeg    . . .      Spirit   .   u - +1 hat
rPois   .          Reflect  .   (no amulet)
rElec   .          Harm     .   n - ring of willpower
rCorr   .          Rampage  .   (no ring)
Will    +....                   (no ring)
Stlth   +++.......              (no ring)
HPRegen 0.18/turn               (no ring)
MPRegen 0.14/turn               (no ring)
                                (no ring)
                                (no ring)

@: very slow
A: almost no armour, amphibious, 8 rings, camouflage 1, gelatinous body 1,
(nimble swimmer 1), tentacles
a: Renounce Religion


You were on level 7 of the Dungeon.
You worshipped Cheibriados.
Cheibriados was noncommittal.
You visited 2 branches of the dungeon, and saw 9 of its levels.

You collected 1428 gold pieces.

Inventory:

Hand Weapons
 d - a +1 demon trident of flaming (weapon)
Missiles
 e - 5 javelins
 h - a throwing net
Armour
 u - a +1 hat (worn)
Jewellery
 n - a ring of willpower (left tentacle)
Wands
 i - a wand of quicksilver (16)
 s - a wand of digging (8)
Scrolls
 c - 3 scrolls of fog
 m - a scroll of identify
 r - 2 scrolls of teleportation
 v - a scroll of enchant weapon
Potions
 a - a potion of magic
 b - 3 potions of attraction
 f - a potion of invisibility
 g - 3 potions of mutation
 k - 5 potions of curing
 l - a potion of lignification
 o - a potion of haste {unknown}
 p - a potion of ambrosia
 q - a potion of brilliance {unknown}
 t - a potion of flight {unknown}


   Skills:
 + Level 2.5 Fighting
 - Level 1.1 Polearms
 + Level 2.3 Dodging
 + Level 3.2 Stealth
 + Level 4.6 Spellcasting
 - Level 4.4 Conjurations
 - Level 4.4 Transmutations
 - Level 4.0 Air Magic
 - Level 5.3 Earth Magic
 - Level 3.0 Poison Magic
 + Level 4.7 Invocations
 - Level 3.4 Evocations


You had 8 spell levels left.
You knew the following spells:

 Your Spells              Type           Power      Damage    Failure   Level
a - Sandblast             Erth           56%        2d13      1%          1
b - Stone Arrow           Conj/Erth      52%        3d10      4%          3
c - Passwall              Tmut/Erth      21%        N/A       2%          2
d - Mephitic Cloud        Conj/Pois/Air  22%        N/A       6%          3

Your spell library contained the following spells:

 Spells                   Type           Power      Damage    Failure   Level
 Ignite Poison            Fire/Tmut/Pois 16%        N/A       12%         3
 Conjure Flame            Conj/Fire      14%        6-21      13%         3
 Petrify                  Tmut/Erth      26%        N/A       14%         4
 Ozocubu's Armour         Ice            5%         N/A       32%         3
 Hailstorm                Conj/Ice       14%        3d5       38%         4
 Ice Form                 Ice/Tmut       14%        N/A       38%         4
 Sticky Flame             Conj/Fire      14%        2d4       38%         4
 Freezing Cloud           Conj/Ice/Air   8%         6-21      67%         5
 Metabolic Englaciation   Hex/Ice        2%         N/A       96%         5
 Simulacrum               Ice/Necr       2%         N/A       100%        6


Dungeon Overview and Level Annotations

Branches:
Dungeon (8/15)             Temple (1/1) D:6
   Lair: D:8-11

Altars:
Ashenzari
Cheibriados
Dithmenos
Elyvilon
Fedhas
Hepliaklqana
Kikubaaqudgha
Makhleb
Nemelex Xobeh
Okawaru
Qazlal
Ru
Sif Muna
Trog
Vehumet
Wu Jian
Xom
Yredelemnul
The Shining One

Shops:
D:2 (

Annotations:
D:5 Menkaure
Temple 2 transporters


Innate Abilities, Weirdness & Mutations

You cannot wear most types of armour.
You are amphibious.
You can wear up to eight rings at the same time.
Your skin changes colour to match your surroundings (Stealth+).
Your rubbery body absorbs attacks. (AC +1, EV +1)
((You are camouflaged when in or above water. (Stealth+)))
You have tentacles for arms and can constrict up to eight enemies at once.


Message History

The gnoll completely misses you. The bullfrog hits you.
You climb upwards.
There is a stone staircase leading down here.
Casting: Stone Arrow (dangerous; 4% risk of failure)
Confirm with . or Enter, or press ? or * to list all spells.
Aiming: Stone Arrow (dangerous; 4% risk of failure)
Press: ? - help, Shift-Dir - straight line, f - bullfrog
Aim: a bullfrog (severely wounded, 64% to hit)
The stone arrow hits the bullfrog!!
You kill the bullfrog!
Cheibriados appreciates the change of pace.
You start resting.
Magic restored.
You start resting.
HP restored.
You climb downwards.
The yak gores you. The yak gores you! The gnoll hits you with a +0 club.
The yak barely misses you. The yak gores you!
There is a stone staircase leading up, spattered with blood here.
The gnoll hits you but does no damage. The yak gores you! The yak gores you.
* * * LOW HITPOINT WARNING * * *
The gnoll barely misses you. The yak gores you!
* * * LOW HITPOINT WARNING * * *
You climb upwards.
There is a stone staircase leading down here.
Okay, then.
You feel much better. The gnoll hits you with a +0 whip!
* * * LOW HITPOINT WARNING * * *
The yak misses you. The yak gores you!
* * * LOW HITPOINT WARNING * * *
The gnoll hits you with a +0 club.
* * * LOW HITPOINT WARNING * * *
The yak closely misses you.
Casting: Stone Arrow (dangerous; 4% risk of failure)
Confirm with . or Enter, or press ? or * to list all spells.
Aiming: Passwall (safe; 2% risk of failure)
Press: ? - help, Dir - move target A rock wall.
This rock feels extremely deep.
The gnoll hits you with a +0 whip!
You die...

##.# #####.#....##... #.#
#............... #.#
#...............
#########.#####........†.#.##.
####..)..........................
.....######..#####...............
###### #.## ###..............[
##.# #gg.......#......) #..#
##@#...............
#.####YYY...............
##.#.(....#.....###......
######.....##......### #......
##................### #.#####
##..#......#...##### #..####
##......#.#....## ##.....
...#........#.## ###<..
..............# #...


You could see 3 yaks and 2 gnolls.

Vanquished Creatures
  Pikel (D:7)
  Maggie (D:7)
  A water moccasin (D:5)
  2 black bears
  A sky beast (D:7)
  2 ogres (D:6)
  2 lemures (D:7)
  A phantom (D:4)
  4 bullfrogs
  A kobold brigand (D:6)
  A necrophage (D:5)
  A scorpion (D:6)
  A howler monkey (D:7)
  2 jellies
  An orc priest (D:5)
  Crazy Yiuf (D:5)
  5 hounds
  2 iguanas
  3 orc wizards
  6 adders
  A shadow imp (D:6)
  An ufetubus (D:5)
  2 worms (D:2)
  2 dart slugs
  22 orcs
  4 ball pythons
  6 bats
  3 endoplasms
  7 giant cockroaches
  3 goblins (D:2)
  7 hobgoblins
  6 jackals
  14 kobolds
  5 quokkas
  2 frilled lizards (D:1)
  7 rats
131 creatures vanquished.

Vanquished Creatures (others)
  16 fungi (D:5)
16 creatures vanquished.

Grand Total: 147 creatures vanquished

Notes
Turn   | Place    | Note
-------+----------+-------------------------------------------
     0 | D:1      | Ijustatesigmund the Octopode Earth Elementalist began the
                  | quest for the Orb.
     0 | D:1      | Reached XP level 1. HP: 11/11 MP: 3/3
   317 | D:1      | Reached XP level 2. HP: 17/17 MP: 5/5
   864 | D:2      | Reached XP level 3. HP: 21/21 MP: 6/6
   868 | D:2      | Learned a level 3 spell: Stone Arrow
   872 | D:2      | Learned a level 2 spell: Passwall
   985 | D:1      | Reached skill level 1 in Polearms
  1196 | D:1      | You fall into a shaft and drop 1 floor!
  1412 | D:2      | Found Daipt's Weapon Shop.
  1541 | D:2      | HP: 1/21 [worm (11)]
  2122 | D:2      | Reached XP level 4. HP: 27/27 MP: 7/7
  2143 | D:2      | Identified a scroll of acquirement
  2143 | D:2      | Acquired 601 gold pieces
  2285 | D:2      | Found a shadowy altar of Dithmenos.
  2561 | D:3      | Identified the +1 robe of Howling Wind {Harm rPois}
  2615 | D:3      | Found a shadowy altar of Dithmenos.
  2904 | D:3      | Reached skill level 1 in Conjurations
  3220 | D:4      | Acquired 462 gold pieces
  3507 | D:4      | Noticed a phantom
  3510 | D:4      | Reached skill level 1 in Fighting
  3510 | D:4      | Reached XP level 5. HP: 24/33 MP: 9/9
  3519 | D:4      | Killed a phantom
  3697 | D:4      | Reached XP level 6. HP: 38/38 MP: 10/10
  4401 | D:5      | Entered Level 5 of the Dungeon
  4483 | D:5      | Reached skill level 4 in Earth Magic
  4525 | D:5      | Noticed a black bear
  4534 | D:5      | Killed a black bear
  4535 | D:5      | Reached XP level 7. HP: 35/45 MP: 8/12
  4602 | D:5      | Found a sacrificial altar of Ru.
  5045 | D:5      | Noticed Menkaure
  5818 | D:6      | Reached XP level 8. HP: 50/50 MP: 11/14
  5823 | D:6      | Reached skill level 5 in Earth Magic
  6048 | D:6      | Reached skill level 1 in Evocations
  6355 | D:6      | Found a staircase to the Ecumenical Temple.
  6587 | Temple   | Entered the Ecumenical Temple
  6587 | Temple   | Found a transporter.
  6587 | Temple   | Found a transporter.
  6589 | Temple   | Found a transporter.
  6589 | Temple   | Found a transporter.
  6609 | Temple   | Became a worshipper of Cheibriados the Contemplative
  6788 | D:6      | Found a shimmering blue altar of Sif Muna.
  6789 | D:6      | Found a radiant altar of Vehumet.
  7324 | D:5      | Found a runed translucent door.
  7325 | D:5      | Noticed Crazy Yiuf
  7331 | D:5      | Killed Crazy Yiuf
  7473 | D:7      | Noticed Maggie
  7479 | D:7      | Learned a level 3 spell: Mephitic Cloud
  7490 | D:7      | Noticed Pikel
  7625 | D:7      | Reached skill level 1 in Invocations
  7654 | D:7      | Killed Maggie
  7655 | D:7      | Reached XP level 9. HP: 26/54 MP: 9/15
  8680 | D:7      | Killed Pikel
  9155 | D:7      | HP: 1/55 [gnoll/+0 club[a gnoll bouda] (2)]
  9156 | D:7      | Mangled by a gnoll

Illustrated notes

Levels and vault maps discovered:
D:1:      ncdulo_watergridlock, layout_basic
D:2:      layout_basic, serial_shops, nicolae_shop_bloodbath_and_beyond,
          basic_altar, minmay_misc_feat_hallway
D:3:      layout_basic, general_overflow_altar, minmay_misc_feat_enclosed
D:4:      layout_basic
D:5:      layout_basic, mainiacjoe_overflow_cross_hatched,
          uniq_crazy_yiuf_cottage, uniq_menkaure
D:6:      layout_basic, mainiacjoe_overflow_divided_tiny,
          minmay_temple_entry_large_hall
D:7:      layout_rooms, hangedman_decor_peaks_small, uniq_maggie, uniq_pikel
D:8:      minmay_the_grid_triangle_9x9_rhombus_full
          [minmay_the_grid_triangle_9x9_pentomino_pain,
          minmay_the_grid_triangle_9x9_cache,
          minmay_the_grid_triangle_9x9_intruding_spiral,
          minmay_the_grid_triangle_9x9_zippers_horizontal,
          minmay_the_grid_triangle_9x9_swiss_cheese,
          minmay_the_grid_triangle_9x9_odd_lines,
          minmay_the_grid_triangle_9x9_stretched_checkered,
          minmay_the_grid_triangle_9x9_prize_top_heavy], layout_cave_pools
Temple:   hellmonk_temple_divided_pantheon

Skill      XL: |  1  2  3  4  5  6  7  8  9 |
---------------+----------------------------+-----
Polearms       | 1 |  1.1
Transmutations | 2 3 4 |  4.4
Conjurations   | 1 2 3 4 |  4.4
Fighting       | 1 2 |  2.5
Spellcasting   | 3 4 |  4.6
Earth Magic    | 4 5 |  5.3
Evocations     | 3 |  3.4
Invocations    | 2 4 |  4.7
Air Magic      | 2 4 |  4.0
Poison Magic   | 2 3 |  3.0
Stealth        | 3 |  3.2
Dodging        | |  2.3

Action                   |  1- 3 |  4- 6 |  7- 9 || total
-------------------------+-------+-------+-------++-------
Melee: Demon trident     |    60 |    85 |   150 ||   295
       Unarmed           |     4 |       |       ||     4
       Constrict         |    11 |    17 |    22 ||    50
       Tentacles         |     6 |    15 |    20 ||    41
       Punch             |       |       |     2 ||     2
 Cast: Sandblast         |     9 |    10 |     9 ||    28
       Stone Arrow       |       |       |     9 ||     9
       Passwall          |       |       |     1 ||     1
Evoke: Wand              |       |       |     2 ||     2
  Use: Scroll            |     3 |    10 |     8 ||    21
       Potion            |       |     1 |     3 ||     4
 Stab: Sleeping          |    17 |     9 |     7 ||    33
Armor: Skin              |     3 |     7 |     5 ||    15
Dodge: Dodged            |    18 |    56 |    78 ||   152

Table legend: (Time is in decaauts)
 A = Elapsed time spent in this place.
 B = Non-inter-level travel time spent in this place.
 C = Inter-level travel time spent in this place.
 D = Time resting spent in this place.
 E = Time spent auto-exploring this place.
 F = Levels seen in this place.
 G = Mean time per level.
                   A        B        C        D        E       F      G
               +--------+--------+--------+--------+--------+-----+--------+
         Total |   9612 |   8980 |    632 |   3137 |   4558 |   9 | 1068.0 |
       Dungeon |   9566 |   8935 |    631 |   3137 |   4556 |   8 | 1195.8 |
        Temple |     45 |     45 |      0 |      0 |      2 |   1 |   45.0 |
               +--------+--------+--------+--------+--------+-----+--------+

Top non-repeatable levels by time:
     D:6: 2080 daAuts
     D:5: 1546 daAuts
     D:1: 1397 daAuts
     D:4: 1390 daAuts
     D:7: 1293 daAuts
     D:2: 1027 daAuts
     D:3: 798 daAuts
  Temple: 45 daAuts
     D:8: 32 daAuts
